 Dungeon Crawl Stone Soup version 0.27.0-1-g7a089689b8 (webtiles) character file.

Game seed: 11538036281859561560

15851 Malachi the Unseen (level 12, -3/87 HPs)
             Began as a Vampire Enchanter on Aug 15, 2021.
             Was a High Priest of Dithmenos.
             Slain by a harpy simulacrum (16 damage)
             ... in an ice cave.
             The game lasted 00:33:56 (11565 turns).

Malachi the Unseen (Vampire Enchanter)             Turns: 11565, Time: 00:33:59

Health: -3/87      AC: 13    Str:  7    XL:     12   Next: 4%
Magic:  24/24      EV: 13    Int: 22    God:    Dithmenos [*****.]
Gold:   805        SH:  0    Dex: 17    Spells: 7/15 levels left

rFire    . . .     SeeInvis +   E - +5 dagger (freeze)
rCold    . . .     Faith    .   (no shield)
rNeg     . . .     Spirit   .   B - +2 troll leather armour
rPois    .         Reflect  .   m - +0 helmet
rElec    .         Harm     .   o - +2 cloak
rCorr    .         Rampage  .   H - +0 pair of gloves
Will     +....     Clarity  +   q - +0 pair of boots Stlth **++++++++
                                c - amulet of regeneration
HPRegen  2.44/turn              f - ring of wizardry
MPRegen  0.19/turn              t - ring of magical power

@: healing quickly, wreathed by umbra
A: alive, fangs 3, see invisible, vampiric 2, thin skeletal structure 1,
clarity, evolution 1
a: Exsanguinate, Renounce Religion, Shadow Step, Shadow Form


You were in an ice cave.
You worshipped Dithmenos.
Dithmenos was extremely pleased with you.
You visited 1 branch of the dungeon, and saw 12 of its levels.
You also visited: Sewer and Ice Cave.

You collected 805 gold pieces.

Inventory:

Hand Weapons
 a - a +2 dagger of venom
 i - a +2 dagger of venom
 E - a +5 dagger of freezing (weapon)
Missiles
 h - 6 silver javelins
Armour
 b - a +1 robe
 m - a +0 helmet (worn)
 o - a +2 cloak (worn)
 q - a +0 pair of boots (worn)
 B - a +2 troll leather armour (worn)
 H - a +0 pair of gloves (worn)
Magical Staves
 l - a staff of cold
 A - a staff of fire
Jewellery
 c - an amulet of regeneration (around neck)
 f - a ring of wizardry (left hand)
 r - an amulet of guardian spirit
 t - a ring of magical power (right hand)
 F - a ring of positive energy
 R - a ring of protection from fire
Wands
 s - a wand of polymorph (8)
 C - a wand of iceblast (15)
 D - a wand of mindburst (15)
 P - a wand of acid (8)
Scrolls
 p - 3 scrolls of fear
 v - 3 scrolls of vulnerability
 y - 2 scrolls of teleportation
 J - a scroll of amnesia
 M - 2 scrolls of blinking
 N - a scroll of enchant weapon
 O - a scroll of enchant armour
Potions
 d - 2 potions of brilliance
 e - 3 potions of haste
 g - 4 potions of curing
 j - 3 potions of might
 k - 3 potions of attraction
 n - 2 potions of invisibility
 u - a potion of heal wounds
 w - a potion of mutation
 x - a potion of resistance
 z - a potion of magic {unknown}
 G - a potion of cancellation {unknown}
 I - a potion of ambrosia {unknown}
 K - a potion of degeneration {unknown}
 L - 2 potions of berserk rage {unknown}
 Q - 3 potions of flight {unknown}
 S - a potion of lignification {unknown}
Miscellaneous
 T - a box of beasts (inert)


   Skills:
 * Level 5.7 Fighting
 * Level 12.0 Short Blades
 + Level 4.6 Armour
 + Level 3.9 Dodging
 - Level 16.5 Stealth
 - Level 2.0 Spellcasting
 - Level 9.0 Hexes
 - Level 5.5 Ice Magic
 + Level 0.1 Evocations


You had 7 spell levels left.
You knew the following spells:

 Your Spells              Type           Power      Damage    Failure   Level
a - Tukima's Dance        Hex            41%        N/A       1%          3
b - Ensorcelled Hibernat  Hex/Ice        68%        N/A       1%          2
c - Confusing Touch       Hex            41%        N/A       1%          3

Your spell library contained the following spells:

 Spells                   Type           Power      Damage    Failure   Level
 Corona                   Hex            45%        N/A       1%          1
 Cause Fear               Hex            20%        N/A       1%          4
 Ozocubu's Armour         Ice            26%        N/A       2%          3
 Dazzling Flash           Conj/Hex       44%        N/A       3%          3
 Summon Guardian Golem    Hex/Summ       22%        N/A       3%          3
 Summon Small Mammal      Summ           8%         N/A       8%          1
 Metabolic Englaciation   Hex/Ice        17%        N/A       11%         5
 Fulminant Prism          Conj/Hex       11%        3d9       12%         4
 Call Canine Familiar     Summ           2%         N/A       22%         3
 Hailstorm                Conj/Ice       14%        3d5       24%         4
 Ice Form                 Ice/Tmut       14%        N/A       24%         4
 Iskenderun's Mystic Bla  Conj/Tloc      2%         2d3       56%         4
 Blade Hands              Tmut           1%         N/A       88%         5
 Irradiate                Conj/Tmut      1%         3d14      88%         5
 Lee's Rapid Deconstruct  Erth           1%         3d5*      88%         5
 Simulacrum               Ice/Necr       7%         N/A       97%         6
 Conjure Ball Lightning   Conj/Air       1%         3x3d6     100%        6
 Dragon Form              Tmut           1%         N/A       100%        7
 Discord                  Hex            20%        N/A       100%        8
 Disjunction              Tloc           1%         N/A       100%        8
 Dragon's Call            Summ           1%         N/A       100%        9


Dungeon Overview and Level Annotations

Branches:
Dungeon (12/15)            Temple (0/1) D:4            Lair (0/6) D:9
    Orc (0/2) D:12          Sewer (visited)           IceCv (1/1)

Altars:
Ashenzari
Dithmenos
Fedhas
Hepliaklqana
Nemelex Xobeh
Okawaru
Sif Muna
Trog
Uskayaw
Xom
The Shining One

Shops:
D:8 (

Annotations:
D:3 3 runed translucent doors, exclusion: 3 doors, Leissi's ghost, amateur DrMo; Orcmeat's ghost, amateur GrFi; dialouliti's ghost, amateur GrBe; matti1234's ghost, amateur OpWr IceCv exclusion: ice statue


Innate Abilities, Weirdness & Mutations

Your natural rate of healing is accelerated.
You have razor-sharp teeth.
You have supernaturally acute eyesight. (SInv)
You are afflicted with vampirism and can become a bat while bloodless.
You have a somewhat thin skeletal structure. (Dex +2, Stealth+)
You possess an exceptional clarity of mind.
You evolve.


Message History

There is an open door here.
You see here 36 gold pieces.
The helpless ice devil fails to defend itself.
You skewer the ice devil like a kebab!!!!!
You kill the ice devil!
Dithmenos accepts your kill.
Your Short Blades skill increases to level 12!
The helpless ice devil fails to defend itself.
You stick the ice devil like a pincushion!!!!!
You kill the ice devil!
Dithmenos accepts your kill.
You now have 805 gold pieces (gained 36).
There is an open door here.
There is an open door here.
There is an open door here.
You open the door.
A harpy simulacrum comes into view.
The harpy simulacrum claws you. The harpy simulacrum freezes you!
The harpy simulacrum claws you but does no damage. x2
The harpy simulacrum closely misses you.
The harpy simulacrum claws you. The harpy simulacrum freezes you!!
The harpy simulacrum closely misses you.
There is an open door, spattered with blood here.
You hit the harpy simulacrum. You bite the harpy simulacrum.
The harpy simulacrum is moderately damaged.
Your shadow hits the harpy simulacrum with a dagger.
The harpy simulacrum barely misses you. The harpy simulacrum claws you.
The harpy simulacrum freezes you!!
You hit the harpy simulacrum.
The harpy simulacrum is severely damaged.
The harpy simulacrum claws you! The harpy simulacrum freezes you!
* * * LOW HITPOINT WARNING * * *
The harpy simulacrum claws you but does no damage.
You feel much better. The harpy simulacrum claws you!
The harpy simulacrum freezes you!
* * * LOW HITPOINT WARNING * * *
The harpy simulacrum claws you.
* * * LOW HITPOINT WARNING * * *
The harpy simulacrum freezes you!
You die...

############# ##
+.........'.# ###.
#####'#####.### #...
#Z#.#°#.#...####..
#+#@#.#'#'###.#⌠.#..
#.........'.#.'..#..
#.8.8.8.8.########..
#..............#....
+..............'....
#..............#....
#.8.8.8.8.########..
#.........+ #..
#+#+#.#+#+# #..


You could see a harpy simulacrum.

Vanquished Creatures
  A hydra (D:8)
  A boulder beetle (D:11)
  An ogre mage (D:11)
  3 two-headed ogres
  The ghost of Acheron the Ruffian, a novice TrAE of Fedhas (D:7)
  A deep elf pyromancer (D:12)
  An ice statue (IceCv)
  An unseen horror (D:11)
  A komodo dragon (D:7)
  A kobold demonologist (D:11)
  9 ice devils
  An anaconda simulacrum (IceCv)
  2 entropy weaver simulacra (IceCv)
  6 trolls
  A meliai (shapeshifter) (D:11)
  A slime creature (D:7)
  A hornet (D:10)
  A wyvern (D:9)
  A shadow (D:11)
  A wraith (D:9)
  5 yaks (D:9)
  A steam dragon (D:8)
  Duvessa (D:5)
  A water moccasin (D:6)
  A hornet zombie (D:6)
  3 orc warriors
  An ogre (D:7)
  A necrophage (D:7)
  A phantom (D:6)
  2 kobold brigands (Sewer)
  A gnoll sergeant (D:3)
  3 bullfrogs
  Dowan (D:5)
  2 scorpions
  3 wyvern skeletons
  13 wights
  2 electric eels (D:9)
  A howler monkey (D:10)
  5 centaur zombies
  4 hounds
  4 jellies
  4 orc priests
  Crazy Yiuf (D:2)
  4 centaur skeletons
  3 iguanas
  12 orc wizards
  A killer bee zombie (D:9)
  A hound skeleton (D:4)
  Robin (D:4)
  4 gnolls
  A howler monkey skeleton (D:5)
  6 adders
  A naga simulacrum (IceCv)
  A white imp (IceCv)
  A howler monkey simulacrum (D:9)
  3 ufetubi
  An adder skeleton (D:4)
  A worm (D:2)
  5 dart slugs
  18 orcs
  8 ball pythons
  9 endoplasms
  6 giant cockroaches
  9 hobgoblins
  3 jackals (D:5)
  10 quokkas
  4 bats
  9 frilled lizards
  14 goblins
  21 kobolds
  7 rats
261 creatures vanquished.

Notes
Turn   | Place    | Note
-------+----------+-------------------------------------------
     0 | D:1      | Malachi the Vampire Enchanter began the quest for the Orb.
     0 | D:1      | Reached XP level 1. HP: 13/13 MP: 3/3
   499 | D:1      | Found a faded altar of an unknown god.
   512 | D:1      | Became a worshipper of Dithmenos the Shadowed
   512 | D:1      | Reached * piety under Dithmenos
   520 | D:1      | Reached XP level 2. HP: 17/17 MP: 5/5
   560 | D:1      | Learned a level 2 spell: Ensorcelled Hibernation
   656 | D:1      | Reached skill level 5 in Stealth
  1031 | D:1      | Gained mutation: You are afflicted with vampirism and can
                  | become a bat while bloodless. [Vampire growth]
  1031 | D:1      | Reached XP level 3. HP: 21/21 MP: 6/6
  1207 | D:2      | Reached ** piety under Dithmenos
  1309 | D:2      | Reached skill level 6 in Stealth
  1507 | D:2      | Found an iron altar of Okawaru.
  1526 | D:2      | Found a runed translucent door.
  1527 | D:2      | Noticed Crazy Yiuf
  1541 | D:2      | Killed Crazy Yiuf
  1542 | D:2      | Reached skill level 7 in Stealth
  1542 | D:2      | Reached skill level 1 in Ice Magic
  1542 | D:2      | Reached XP level 4. HP: 26/27 MP: 2/7
  2341 | D:3      | Noticed a gnoll sergeant
  2650 | D:3      | Killed a gnoll sergeant
  2651 | D:3      | Reached skill level 8 in Stealth
  2651 | D:3      | Reached XP level 5. HP: 35/35 MP: 3/8
  2757 | D:3      | Found a runed translucent gate.
  2758 | D:3      | Found a runed translucent gate.
  2759 | D:3      | Found a runed translucent gate.
  2759 | D:3      | Noticed dialouliti's ghost (amateur GrBe)
  2760 | D:3      | Noticed matti1234's ghost (amateur OpWr)
  2760 | D:3      | Noticed Orcmeat's ghost (amateur GrFi)
  2760 | D:3      | Noticed Leissi's ghost (amateur DrMo)
  2833 | D:3      | Reached skill level 9 in Stealth
  3098 | D:4      | Learned a level 3 spell: Confusing Touch
  3336 | D:4      | Reached XP level 6. HP: 41/41 MP: 2/9
  3423 | D:4      | Noticed Robin
  3447 | D:4      | Killed Robin
  3450 | D:4      | Reached skill level 10 in Stealth
  3520 | D:4      | Found a shadowy altar of Dithmenos.
  3748 | D:4      | Found a staircase to the Ecumenical Temple.
  3887 | D:4      | Reached *** piety under Dithmenos
  4085 | D:5      | Entered Level 5 of the Dungeon
  4212 | D:5      | Reached skill level 11 in Stealth
  4213 | D:5      | Noticed Dowan
  4232 | D:5      | Reached XP level 7. HP: 46/46 MP: 10/10
  4337 | D:5      | Noticed Duvessa
  4526 | D:5      | Killed Duvessa
  4527 | D:5      | Reached skill level 5 in Hexes
  4529 | D:5      | Killed Dowan
  4967 | D:6      | Found a sparkling altar of Nemelex Xobeh.
  5050 | D:6      | Reached skill level 5 in Ice Magic
  5070 | D:6      | Reached XP level 8. HP: 50/52 MP: 3/11
  5206 | D:6      | Noticed a troll
  5214 | D:6      | Killed a troll
  5260 | D:6      | Found a glowing drain.
  5268 | D:6      | Reached **** piety under Dithmenos
  5286 | Sewer    | Entered a sewer
  5644 | D:6      | Reached skill level 5 in Short Blades
  6088 | D:6      | Reached XP level 9. HP: 57/57 MP: 6/12
  6092 | D:6      | Learned a level 3 spell: Tukima's Dance
  6409 | D:7      | Found a transporter.
  6413 | D:7      | Found a transporter.
  6421 | D:7      | Found a hazy altar of Hepliaklqana.
  6434 | D:7      | Noticed a komodo dragon
  6447 | D:7      | Noticed Acheron's ghost (novice TrAE)
  6471 | D:7      | Noticed a troll
  6480 | D:7      | Killed a troll
  6730 | D:7      | Found a shimmering blue altar of Sif Muna.
  7003 | D:7      | Reached skill level 12 in Stealth
  7104 | D:7      | Killed a komodo dragon
  7105 | D:7      | Reached skill level 1 in Armour
  7207 | D:7      | Killed Acheron's ghost
  7208 | D:7      | Reached skill level 13 in Stealth
  7346 | D:8      | Found Jajell's Antique Weapon Emporium.
  7551 | D:8      | Reached XP level 10. HP: 51/63 MP: 12/13
  7630 | D:8      | Reached ***** piety under Dithmenos
  7722 | D:8      | Noticed an eight-headed hydra
  7812 | D:9      | Reached skill level 14 in Stealth
  8266 | D:9      | Found a staircase to the Lair.
  8346 | D:9      | Reached skill level 15 in Stealth
  8733 | D:8      | Killed an eight-headed hydra
  8734 | D:8      | Reached skill level 16 in Stealth
  8960 | D:10     | Entered Level 10 of the Dungeon
  9044 | D:10     | Found a broken altar of Ashenzari.
  9044 | D:10     | Found a bloodstained altar of Trog.
  9052 | D:10     | Found a blossoming altar of Fedhas.
  9056 | D:10     | Found a shimmering altar of Xom.
  9425 | D:10     | Reached skill level 1 in Fighting
  9598 | D:10     | Gained mutation: You are frail. (-10% HP) [potion of
                  | mutation]
  9598 | D:10     | Gained mutation: You evolve. [potion of mutation]
  9599 | D:10     | Lost mutation: You are frail. (-10% HP) [potion of
                  | mutation]
  9599 | D:10     | Gained mutation: You have a somewhat thin skeletal
                  | structure. (Dex +2, Stealth+) [potion of mutation]
  9599 | D:10     | Gained mutation: You possess an exceptional clarity of
                  | mind. [potion of mutation]
  9614 | D:11     | Reached skill level 10 in Short Blades
  9624 | D:11     | Reached XP level 11. HP: 72/72 MP: 14/14
  9695 | D:11     | Noticed a boulder beetle
  9700 | D:11     | Killed a boulder beetle
  9782 | D:11     | Noticed a two-headed ogre
  9786 | D:11     | Noticed an ogre mage
  9803 | D:11     | Noticed a two-headed ogre
  9819 | D:11     | Killed a two-headed ogre
  9854 | D:11     | Paralysed by an ogre mage for 3 turns
  9863 | D:11     | Killed an ogre mage
  9911 | D:11     | Killed a two-headed ogre
 10467 | D:12     | Noticed a death knight
 10467 | D:12     | Noticed a phantasmal warrior
 10738 | D:12     | Noticed a two-headed ogre
 10765 | D:12     | Killed a two-headed ogre
 10950 | D:12     | Noticed a deep elf pyromancer
 10957 | D:12     | Killed a deep elf pyromancer
 10969 | D:12     | Found a hide-covered altar of Uskayaw.
 10988 | D:12     | Found a staircase to the Orcish Mines.
 11011 | D:12     | Found a frozen archway.
 11022 | IceCv    | Entered an ice cave
 11056 | IceCv    | Reached skill level 5 in Fighting
 11525 | IceCv    | Reached XP level 12. HP: 86/86 MP: 15/15
 11565 | IceCv    | Slain by a harpy simulacrum

Illustrated notes

Levels and vault maps discovered:
D:1:      dpeg_arrival_renting, layout_basic,
          hellmonk_ecumenical_altar_slurped_away
D:2:      layout_basic, basic_altar, minmay_3d_cube, uniq_crazy_yiuf_cottage
D:3:      layout_loops_ring, gammafunk_ghost_cemetery
D:4:      layout_basic, mainiacjoe_overflow_24_doors, temple_statues,
          serial_corexii_hall, chequers_hall_statues_wall_a,
          corexii_hall_statues_deadend, corexii_hall_statues_s,
          corexii_hall_statues_x, st_stairs_1, minivault_26, uniq_robin
D:5:      layout_cave_pools, serial_rivers, chequers_serial_rivers_micro_a,
          chequers_serial_rivers_small_a, chequers_serial_rivers_room_a,
          chequers_serial_rivers_micro_d, st_stairs_12,
          minmay_misc_feat_secret_circle, minivault_23, uniq_duvessa
D:6:      layout_cave_pods, mainiacjoe_overflow_catwalk, gup_sewer_entry_pipe
D:7:      layout_basic, nicolae_sif_muna_little_library,
          mainiacjoe_overflow_cross_hatched, nzn_ghost_randoct
D:8:      layout_gridville, serial_shops, shop, fountainhead
D:9:      layout_loops_ring, lair_entry_dummy, kennysheep_big_empty_room,
          hangedman_weighted_door
D:10:     layout_long_grid, chequers_temple_overflow_minitemple,
          solitary_fountain
D:11:     layout_basic, minmay_checkerbox
D:12:     layout_irregular_city, minmay_orc_entry_temple_large,
          portal_ice_cave_demonic_guard, nicolae_uskayaw_suspiria
IceCv:    ice_cave_tombish

Skill      XL: |  1  2  3  4  5  6  7  8  9 10 11 12 |
---------------+-------------------------------------+-----
Stealth        | 5 7 8 9 11 13 16 | 16.5
Ice Magic      | 1 2 5 |  5.5
Hexes          | 5 8 9 |  9.0
Short Blades   | 6 9 10 11 12 | 12.0
Armour         | 1 2 4 |  4.6
Fighting       | 1 5 |  5.7
Dodging        | 3 |  3.9
Spellcasting   | |  2.0
Evocations     | |  0.1

Action                   |  1- 3 |  4- 6 |  7- 9 | 10-12 || total
-------------------------+-------+-------+-------+-------++-------
Melee: Dagger            |   124 |   112 |   391 |   339 ||   966
       Bite              |    11 |     7 |    32 |    49 ||    99
 Cast: Ensorcelled Hiber |     6 |    10 |    23 |    22 ||    61
       Confusing Touch   |       |       |    20 |    25 ||    45
 Abil: Exsanguinate      |     1 |       |       |       ||     1
       Revivify          |     1 |       |       |       ||     1
Evoke: Wand              |       |       |       |     1 ||     1
       Box of beasts     |       |       |       |     1 ||     1
  Use: Scroll            |       |    11 |     4 |     7 ||    22
       Potion            |       |       |     1 |     3 ||     4
 Stab: Sleeping          |    19 |    27 |    32 |    51 ||   129
       Distracted        |       |     1 |     2 |     1 ||     4
       Confused          |       |       |    19 |    24 ||    43
Armor: Robe              |    13 |    22 |    86 |       ||   121
       Troll leather arm |       |       |    17 |    96 ||   113
Dodge: Dodged            |    71 |    47 |   184 |   116 ||   418
